 Dungeon Crawl Stone Soup version 0.32-a0-484-g2eb335deba (webtiles) character file.

Game seed: 8672633438028158182

82 Dirtsage the Shooter (level 4, -1/33 HPs)
             Began as a Demonspawn Hunter on Feb 26, 2024.
             Incinerated by a bombardier beetle (3 damage)
             ... with a burning spray
             ... on level 3 of the Dungeon.
             The game lasted 00:01:49 (1328 turns).

Dirtsage the Shooter (Demonspawn Hunter)            Turns: 1328, Time: 00:01:50

Health: -1/33      AC:  5    Str: 11    XL:     4   Next: 21%
Magic:  4/4        EV: 12    Int:  9    God:
Gold:   206        SH:  0    Dex: 19    Spells: 3/3 levels left

rFire   . . .        a - +0 shortbow
rCold   . . .        (shield currently unavailable)
rNeg    . . .        c - +0 leather armour
rPois   .            (no helmet)
rElec   .            (no cloak)
rCorr   .            (no gloves)
SInv    .            (no boots)
Will    .....        (no amulet)
Stlth   +            (no ring)
HPRegen 0.25/turn    (no ring)
MPRegen 0.09/turn

%: no passive effects
@: on fire, glowing
A: thin metallic scales 1, ignite blood 1
a: no special abilities


You were on level 3 of the Dungeon.
You visited 1 branch of the dungeon, and saw 3 of its levels.

You collected 206 gold pieces.

Inventory:

Hand Weapons
 a - a +0 shortbow (weapon)
Armour
 c - a +0 leather armour (worn)
Scrolls
 b - a scroll of butterflies
 d - a scroll of blinking {unknown}
 e - a scroll of identify {unknown}
 f - a scroll of fog {unknown}
 g - a scroll of fear {unknown}
 l - 2 scrolls of teleportation {unknown}
 m - a scroll of revelation {unknown}
 n - a scroll of silence {unknown}
Potions
 h - a potion of lignification {unknown}
 i - a potion of ambrosia {unknown}
 j - 2 potions of degeneration {unknown}
 k - a potion of mutation {unknown}


   Skills:
 - Level 2.0 Fighting
 + Level 5.2 Ranged Weapons
 - Level 1.7 Dodging
 - Level 0.8 Stealth


You had 3 spell levels left.
You didn't know any spells.
Your spell library was empty.

Dungeon Overview and Level Annotations

Branches:
Dungeon (3/15)

Altars:
Vehumet


Innate Abilities, Weirdness & Mutations

You are partially covered in thin metallic scales. (AC +2)
Your demonic aura sometimes causes spilled blood to erupt in flames.


Message History

You are covered in liquid fire!
You shoot an arrow. The arrow hits the bombardier beetle.
The bombardier beetle is heavily wounded.
The liquid fire burns you!
You take 4 damage, and have 23/27 hp.
You shoot an arrow.
The arrow completely misses the bombardier beetle.
The liquid fire burns you!
You take 3 damage, and have 20/27 hp.
You shoot an arrow. The arrow hits the bombardier beetle.
The bombardier beetle is almost dead.
The liquid fire burns you!
The bombardier beetle sprays incendiary fluid at you.
The burning spray hits you.
You are even more covered in liquid fire!
You take 6 damage, and have 14/27 hp.
MASSIVE DAMAGE!!
You are too injured to fight recklessly!
You are too injured to fight recklessly!
Fire: a) +0 shortbow
Press: ? - help, Q - select action Shift-Dir - straight line, f/p - bombardier beetle
Aim: a bombardier beetle (almost dead, 74% to hit)
You shoot an arrow. The arrow hits the bombardier beetle.
The bombardier beetle is almost dead.
The liquid fire burns you!
You take 5 damage, and have 9/27 hp.
Fire: a) +0 shortbow
Press: ? - help, Q - select action Shift-Dir - straight line, f/p - bombardier beetle
Aim: a bombardier beetle (almost dead, 74% to hit)
You shoot an arrow. The arrow hits the bombardier beetle.
You kill the bombardier beetle!
The liquid fire burns you!
* * * LOW HITPOINT WARNING * * *
Your Ranged Weapons skill increases to level 5!
You have reached level 4!
You feel agile.
You take 7 damage, and have 2/33 hp.
MASSIVE DAMAGE!!
MP restored: 4 You shake off some of the fire as you move.
The liquid fire burns you!
You die...

#.#....## # .. #..###.# #
... #####.###.### #
...######.....#.....## #
...○.................##
#.○..○#...............#
#.._☼.#................#
#.°....................#
..°§....@................
....[.#...............###
..... #...............#
.... ##.............##
### ##.....#.....##
#############


There were no monsters in sight!

Vanquished Creatures
  A bombardier beetle (D:3)
  4 dart slugs
  A ribbon worm (D:2)
  3 ball pythons
  6 bats
  6 endoplasms
  4 giant cockroaches
  5 goblins
  2 hobgoblins (D:1)
  A quokka (D:1)
  3 frilled lizards (D:1)
  A kobold (D:2)
  4 rats
41 creatures vanquished.

Vanquished Creatures (others)
  An endoplasm (D:3)
1 creature vanquished.

Grand Total: 42 creatures vanquished

Notes
Turn   | Place    | Note
-------+----------+-------------------------------------------
     0 | D:1      | Dirtsage the Demonspawn Hunter began the quest for the Orb.
     0 | D:1      | Reached XP level 1. HP: 16/16 MP: 1/1
    54 | D:1      | Reached skill level 4 in Ranged Weapons
    63 | D:1      | Gained mutation: You are partially covered in thin metallic
                  | scales. (AC +2) [demonic ancestry]
    63 | D:1      | Reached XP level 2. HP: 22/22 MP: 2/2
   292 | D:1      | Gained mutation: Your demonic aura sometimes causes spilled
                  | blood to erupt in flames. [demonic ancestry]
   292 | D:1      | Reached XP level 3. HP: 27/27 MP: 3/3
  1315 | D:3      | Found a radiant altar of Vehumet.
  1327 | D:3      | HP: 1/27 [burnt (8)]
  1328 | D:3      | Reached skill level 5 in Ranged Weapons
  1328 | D:3      | Reached XP level 4. HP: 2/33 MP: 4/4
  1328 | D:3      | Incinerated by a bombardier beetle

Illustrated notes

Levels and vault maps discovered:
D:1:      minmay_arrival_solitary_statue, layout_rooms
D:2:      layout_basic, grunt_decor_fettered, minivault_25
D:3:      layout_rooms, fiery_altar_vehumet, biasface_ghost_orc_armoury,
          chequers_ecumenical_altar_island, uniq_jessica, uniq_ijyb,
          uniq_natasha

Skill      XL: |  1  2  3 |
---------------+----------+-----
Ranged Weapons | 4 5 |  5.2
Fighting       | |  2.0
Dodging        | |  1.7
Stealth        | |  0.8

Action                     |  1- 3 |  4- 6 || total
---------------------------+-------+-------++-------
   Fire: Shortbow          |   127 |       ||   127
 Armour: Leather armour    |    24 |       ||    24
  Dodge: Dodged            |    27 |       ||    27

Table legend: (Time is in decaauts)
 A = Elapsed time spent in this place.
 B = Non-inter-level travel time spent in this place.
 C = Inter-level travel time spent in this place.
 D = Time resting spent in this place.
 E = Time spent auto-exploring this place.
 F = Levels seen in this place.
 G = Mean time per level.
                   A        B        C        D        E       F      G
               +--------+--------+--------+--------+--------+-----+--------+
         Total |   1355 |   1330 |     25 |      0 |   1111 |   3 |  451.7 |
       Dungeon |   1355 |   1330 |     25 |      0 |   1111 |   3 |  451.7 |
               +--------+--------+--------+--------+--------+-----+--------+

Top non-repeatable levels by time:
     D:2: 814 daAuts
     D:1: 426 daAuts
     D:3: 115 daAuts
